 Dungeon Crawl Stone Soup version 0.28-a0-1429-gf3d713df7a (webtiles) character file.

Game seed: 3447611144846652438

3841 Deminshera the Zephyrmancer (level 9, -4/65 HPs)
             Began as a Demonspawn Wanderer on Jan 8, 2022.
             Was a High Priest of Okawaru.
             Killed from afar by Erica (24 damage)
             ... with a bolt of poison
             ... on level 8 of the Dungeon.
             The game lasted 00:22:56 (17762 turns).

Deminshera the Zephyrmancer (Demonspawn Wanderer)  Turns: 17762, Time: 00:22:57

Health: -4/65      AC: 16    Str: 14    XL:     9   Next: 98%
Magic:  2/18       EV: 11    Int: 17    God:    Okawaru [*****.]
Gold:   183        SH:  6    Dex: 11    Spells: 13/20 levels left

rFire   + . .      SeeInvis .   u - +10 whip of the Silent Majority {flame, Will+}
rCold   + . .      Faith    .   a - +2 buckler {AC+3}
rNeg    + . .      Spirit   .   i - +1 robe {Will+}
rPois   .          Reflect  .   l - +2 hat
rElec   .          Harm     .   (no cloak)
rCorr   +          Rampage  +   e - +0 pair of gloves
Will    ++...                   r - +2 pair of boots {rampage}
Stlth   ++++......              (no amulet)
HPRegen 0.20/turn               t - ring of protection from fire
MPRegen 0.16/turn               o - ring of the Middle {rC+ rN+ rCorr AC+4 Dex-3}

@: lethally poisoned (-4 -> -19)
A: thin skeletal structure 1, powered by pain 2, spiny 1, weakness stinger 1
a: Renounce Religion, Heroism, Finesse, Duel


You were on level 8 of the Dungeon.
You worshipped Okawaru.
Okawaru was extremely pleased with you.
You visited 1 branch of the dungeon, and saw 8 of its levels.
You also visited: Sewer.

You collected 1261 gold pieces.
You spent 1078 gold pieces at shops.

Inventory:

Hand Weapons
 u - the +10 whip of the Silent Majority (weapon) {flame, Will+}
   (You bought it in a shop on level 1 of the Dungeon)

   It burns those it strikes, dealing additional fire damage.
   Will:      It increases your willpower.
Missiles
 k - 3 throwing nets
Armour
 a - a +2 buckler of protection (worn)
 e - a +0 pair of gloves (worn)
 i - a +1 robe of willpower (worn)
 l - a +2 hat (worn)
 r - a +2 pair of boots of rampaging (worn)
Jewellery
 o - the ring of the Middle (right hand) {rC+ rN+ rCorr AC+4 Dex-3}
   (You bought it in a shop on level 3 of the Dungeon)

   [ring of protection]

   AC:        It affects your AC (+4).
   Dex:       It affects your dexterity (-3).
   rC:        It protects you from cold.
   rN:        It protects you from negative energy.
   rCorr:     It protects you from acid and corrosion.
 t - a ring of protection from fire (left hand)
Wands
 j - a wand of flame (31)
 q - a wand of iceblast (29)
Scrolls
 b - a scroll of identify
 c - 3 scrolls of fog
 f - 3 scrolls of noise
 h - 2 scrolls of enchant weapon
 w - a scroll of teleportation
 x - 2 scrolls of fear
 y - a scroll of silence {unknown}
 B - a scroll of holy word {unknown}
Potions
 d - 2 potions of mutation
 g - 7 potions of flight
 m - 2 potions of attraction
 n - a potion of haste {unknown}
 p - a potion of berserk rage {unknown}
 s - a potion of might
 v - a potion of magic {unknown}
 z - a potion of cancellation {unknown}
 A - 2 potions of curing {unknown}


   Skills:
 - Level 4.0 Fighting
 - Level 1.0 Throwing
 + Level 1.4 Armour
 + Level 1.4 Dodging
 - Level 5.0 Stealth
 - Level 4.0 Shields
 - Level 6.0 Spellcasting
 - Level 1.0 Ice Magic
 - Level 10.0 Air Magic


You had 13 spell levels left.
You knew the following spells:

 Your Spells              Type           Power      Damage    Failure   Level
a - Shock                 Conj/Air       88%        1d8       1%          1
b - Poisonous Vapours     Pois/Air       44%        N/A       3%          2
c - Airstrike             Air            19%        N/A       2%          4

Your spell library contained the following spells:

 Spells                   Type           Power      Damage    Failure   Level
 Freeze                   Ice            32%        1d5       11%         1
 Ozocubu's Armour         Ice            8%         N/A       32%         3


Dungeon Overview and Level Annotations

Branches:
Dungeon (8/15)             Temple (0/1) D:5           Sewer (visited)
   Lair: D:8-11

Altars:
Ashenzari
Elyvilon
Fedhas
Hepliaklqana
Nemelex Xobeh
Okawaru
Trog
Vehumet

Shops:
D:1 *(?*   D:3 !=(   D:5 [

Annotations:
D:8 Erica


Innate Abilities, Weirdness & Mutations

You have a somewhat thin skeletal structure. (Dex +2, Stealth+)
You sometimes gain power by taking damage.
You are partially covered in sharp spines.
You have a small tail.


Message History

You are poisoned.
Casting: Airstrike (dangerous; 2% risk of failure)
Confirm with . or Enter, or press ? or * to list all spells.
Aiming: Poisonous Vapours (safe; 3% risk of failure)
Press: ? - help, Dir - move target Poisonous vapours surround something!
You feel very sick.
Unknown command.
You feel very sick.
There is an open door here.
You feel very sick.
You feel sick.
You feel sick.
You feel sick.
You feel sick.
You feel sick.
You feel sick.
You feel sick.
You feel sick.
You are no longer poisoned.
You see here a bullfrog corpse.
There is a stone staircase leading up here.
There is a strange disturbance nearby!
You hear some strange, mumbled words.
A bolt of poison appears from out of thin air!
The bolt of poison misses you.
Casting: Poisonous Vapours (safe; 3% risk of failure)
Confirm with . or Enter, or press ? or * to list all spells.
Okay, then.
Casting: Poisonous Vapours (safe; 3% risk of failure)
Confirm with . or Enter, or press ? or * to list all spells.
Aiming: Poisonous Vapours (safe; 3% risk of failure)
Press: ? - help, Dir - move target Poisonous vapours surround something!
You start resting.
You hear some strange, mumbled words.
A bolt of poison appears from out of thin air!
The bolt of poison hits you!!
You are poisoned.
You die...

### #@# #.#
#{# #†# #.#
#.#
#.############
#...##.......#
#...##.#####.#


There were no monsters in sight!

Vanquished Creatures
  A boulder beetle (D:7)
  Pikel (D:5)
  A troll (D:7)
  Grinder (D:5)
  An acid dragon (D:7)
  An orc warrior (D:7)
  2 sky beasts
  3 necrophages
  An ogre (D:5)
  A hornet zombie (D:5)
  3 scorpions
  2 bullfrogs
  A wyvern zombie (D:7)
  A water moccasin skeleton (D:4)
  5 wights
  A centaur zombie (D:6)
  2 jellies
  3 orc priests (D:5)
  3 gnoll shamans
  7 iguanas
  2 orc wizards (D:7)
  A scorpion zombie (D:5)
  7 gnolls
  13 adders
  7 river rats
  3 white imps
  An ufetubus (D:6)
  An adder skeleton (D:4)
  5 worms
  A dart slug (D:3)
  11 orcs
  16 bats
  7 endoplasms
  5 giant cockroaches (Sewer)
  9 goblins
  4 hobgoblins
  6 jackals
  6 kobolds
  4 quokkas
  17 ball pythons
  9 frilled lizards
  15 rats
191 creatures vanquished.

Vanquished Creatures (others)
  12 plants (D:5)
12 creatures vanquished.

Grand Total: 203 creatures vanquished

Notes
Turn   | Place    | Note
-------+----------+-------------------------------------------
     0 | D:1      | Deminshera the Demonspawn Wanderer began the quest for the
                  | Orb.
     0 | D:1      | Deminshera set off with the following items: a +0 club, a
                  | +0 robe, a scroll of fog; and the following spells
                  | available to memorise: Shock, Freeze, Poisonous Vapours,
                  | Ozocubu's Armour, Airstrike
     0 | D:1      | Reached XP level 1. HP: 19/19 MP: 2/2
     2 | D:1      | Learned a level 1 spell: Shock
   128 | D:1      | Found a faded altar of an unknown god.
   138 | D:1      | Prayed at the altar of an unknown god.
   138 | D:1      | Became a worshipper of Warmaster Okawaru
   138 | D:1      | Reached * piety under Okawaru
   508 | D:1      | Found Moggeyc's Assorted Antiques.
   582 | D:1      | Gained mutation: You have a somewhat thin skeletal
                  | structure. (Dex +2, Stealth+) [demonic ancestry]
   582 | D:1      | Reached XP level 2. HP: 18/25 MP: 0/4
   833 | D:1      | Found Efruonga's Magic Scroll Shop.
   834 | D:1      | Found Oggiromu's Antique Weapon Shop.
   854 | D:1      | Found Sammaet's General Store.
   894 | D:1      | Reached skill level 1 in Stealth
   894 | D:1      | Reached skill level 3 in Air Magic
  1472 | D:2      | Found a bloodstained altar of Trog.
  2130 | D:2      | Gained mutation: You are partially covered in sharp spines.
                  | [demonic ancestry]
  2130 | D:2      | Reached XP level 3. HP: 28/30 MP: 0/5
  3012 | D:2      | Learned a level 2 spell: Poisonous Vapours
  3493 | D:3      | Found Wuiwig's Weapon Boutique.
  3709 | D:3      | Found a radiant altar of Vehumet.
  3914 | D:3      | Reached XP level 4. HP: 37/37 MP: 2/7
  4189 | D:3      | Found Gokil's Distillery.
  4686 | D:3      | Found a blossoming altar of Fedhas.
  4692 | D:3      | Found Dotzibb's Jewellery Emporium.
  5450 | D:4      | Gained mutation: You sometimes gain a little power by
                  | taking damage. [demonic ancestry]
  5450 | D:4      | Reached XP level 5. HP: 21/42 MP: 2/9
  5618 | D:4      | Found a glowing drain.
  5626 | Sewer    | Entered a sewer
  5630 | Sewer    | Reached skill level 4 in Air Magic
  7278 | D:4      | Gained mutation: You have a small tail. [demonic ancestry]
  7278 | D:4      | Reached XP level 6. HP: 48/48 MP: 7/11
  7642 | D:4      | Reached skill level 5 in Air Magic
  7849 | D:4      | Reached ** piety under Okawaru
  7948 | D:4      | Learned a level 4 spell: Airstrike
  8102 | D:4      | Reached XP level 7. HP: 13/54 MP: 3/13
  9424 | D:5      | Entered Level 5 of the Dungeon
  9469 | D:5      | Found a broken altar of Ashenzari.
  9473 | D:5      | Saw a vision of the Swamp and the Spider Nest.
  9473 | D:5      | Noticed a wolf spider
  9473 | D:5      | Noticed an alligator
  9473 | D:5      | Noticed a redback
  9473 | D:5      | Noticed a hornet
  9473 | D:5      | Noticed a redback
  9473 | D:5      | Noticed a vampire mosquito
  9473 | D:5      | Noticed a vampire mosquito
  9476 | D:5      | Noticed a redback
  9786 | D:5      | Reached skill level 6 in Air Magic
 10644 | D:5      | Reached skill level 5 in Stealth
 11265 | D:5      | Found a hazy altar of Hepliaklqana.
 11265 | D:5      | Found Vohees's Armour Shop.
 11270 | D:5      | Reached XP level 8. HP: 52/60 MP: 5/14
 11336 | D:5      | Bought a +0 robe of willpower for 107 gold pieces
 11347 | D:5      | Identified 2 scrolls of acquirement
 11347 | D:5      | Acquired a +2 buckler of protection
 11348 | D:5      | Acquired 946 gold pieces
 11366 | D:5      | Found a sparkling altar of Nemelex Xobeh.
 11543 | D:5      | Reached skill level 1 in Shields
 12238 | D:5      | Noticed Pikel
 12286 | D:5      | Noticed Grinder
 12300 | D:5      | Paralysed by Grinder for 7 turns
 12325 | D:5      | Killed Pikel
 12325 | D:5      | Reached *** piety under Okawaru
 12326 | D:5      | Reached skill level 5 in Spellcasting
 12326 | D:5      | Reached skill level 7 in Air Magic
 12334 | D:5      | Paralysed by Grinder for 5 turns
 12353 | D:5      | Paralysed by Grinder for 3 turns
 12356 | D:5      | Killed Grinder
 12785 | D:5      | Found a staircase to the Ecumenical Temple.
 13472 | D:6      | Gained mutation: You sometimes gain power by taking damage.
                  | [demonic ancestry]
 13472 | D:6      | Reached XP level 9. HP: 65/65 MP: 1/17
 14179 | D:3      | Bought the ring of the Middle {rC+ rN+ rCorr AC+4 Dex-3}
                  | for 535 gold pieces
 14223 | D:1      | Bought an ichor-stained whip for 135 gold pieces
 14223 | D:1      | Identified the +10 whip of the Silent Majority {flame,
                  | Will+} (You bought it in a shop on level 1 of the Dungeon)
 14423 | D:5      | Bought a +2 pair of boots of rampaging for 301 gold pieces
 15473 | D:7      | Reached skill level 8 in Air Magic
 16360 | D:7      | Noticed a boulder beetle
 16383 | D:7      | Killed a boulder beetle
 16383 | D:7      | Reached **** piety under Okawaru
 16384 | D:7      | Reached skill level 9 in Air Magic
 17075 | D:7      | Noticed a troll
 17078 | D:7      | Killed a troll
 17078 | D:7      | Reached ***** piety under Okawaru
 17079 | D:7      | Reached skill level 10 in Air Magic
 17079 | D:7      | Reached skill level 1 in Armour
 17079 | D:7      | Reached skill level 1 in Dodging
 17737 | D:8      | Noticed Erica
 17762 | D:8      | Killed from afar by Erica

Illustrated notes

Levels and vault maps discovered:
D:1:      minmay_arrival_stone_box, layout_basic,
          shapermc_ecumenical_altar_totnotflames, serial_shops,
          nicolae_shop_trees, nicolae_shop_crystal, shop, shop
D:2:      kennysheep_six_static_rooms, layout_loops_ring, basic_altar,
          chequers_serial_rivers_large_a, chequers_serial_rivers_small_b
D:3:      layout_loops_ring, overflow_temple_1_default,
          mainiacjoe_overflow_tiny_flanked, serial_shops, nicolae_square_shop,
          nicolae_square_shop, nicolae_square_shop
D:4:      layout_basic, lightli_sewer_entry_pipes, corexii_shack, minmay_between
D:5:      layout_loops_ring, mainiacjoe_overflow_catch_the_wave,
          overflow_temple_1_default, grunt_ashenzari_visionary
          [grunt_ashenzari_visionary_swamp, grunt_ashenzari_visionary_spider],
          minmay_temple_entry_waves, serial_shops,
          nicolae_shop_advertising_works [nicolae_subvault_shop_adworks],
          nicolae_grassy_gnolls, uniq_pikel, uniq_grinder
D:6:      layout_basic
D:7:      layout_loops_corners
D:8:      layout_basic, nicolae_shop_fire_sale [nicolae_sub_dead_trees],
          uniq_erica, uniq_maurice, uniq_grum

Skill      XL: |  1  2  3  4  5  6  7  8  9 |
---------------+----------------------------+-----
Stealth        | 1 2 5 |  5.0
Air Magic      | 3 4 5 6 7 10 | 10.0
Spellcasting   | 2 3 4 5 6 |  6.0
Shields        | 3 4 |  4.0
Armour         | 1 |  1.4
Dodging        | 1 |  1.4
Fighting       | |  4.0
Throwing       | |  1.0
Ice Magic      | |  1.0

Action                   |  1- 3 |  4- 6 |  7- 9 || total
-------------------------+-------+-------+-------++-------
Melee: Club              |    23 |     5 |       ||    28
       Dagger            |       |    64 |    81 ||   145
       Punch             |       |     2 |     1 ||     3
       Tailslap          |       |     6 |    14 ||    20
       Whip              |       |       |    21 ||    21
 Cast: Shock             |    86 |   148 |    14 ||   248
       Poisonous Vapours |     5 |     5 |    20 ||    30
       Airstrike         |       |     1 |    87 ||    88
  Use: Scroll            |       |     7 |     5 ||    12
       Potion            |       |       |     2 ||     2
 Stab: Sleeping          |     1 |       |     1 ||     2
Armor: Robe              |    22 |    42 |    17 ||    81
       Skin              |       |       |    22 ||    22
Dodge: Dodged            |    24 |    43 |    38 ||   105
Block: Buckler           |       |       |     4 ||     4

Table legend: (Time is in decaauts)
 A = Elapsed time spent in this place.
 B = Non-inter-level travel time spent in this place.
 C = Inter-level travel time spent in this place.
 D = Time resting spent in this place.
 E = Time spent auto-exploring this place.
 F = Levels seen in this place.
 G = Mean time per level.
                   A        B        C        D        E       F      G
               +--------+--------+--------+--------+--------+-----+--------+
         Total |  17976 |  17458 |    518 |   9520 |   6292 |   9 | 1997.3 |
       Dungeon |  16184 |  15666 |    518 |   8796 |   5401 |   8 | 2023.0 |
         Sewer |   1792 |   1792 |      0 |    724 |    891 |   1 | 1792.0 |
               +--------+--------+--------+--------+--------+-----+--------+

Top non-repeatable levels by time:
     D:5: 3868 daAuts
     D:4: 2471 daAuts
     D:7: 2177 daAuts
     D:2: 2065 daAuts
     D:3: 1919 daAuts
     D:6: 1852 daAuts
   Sewer: 1792 daAuts
     D:1: 1603 daAuts
     D:8: 225 daAuts
